 Dungeon Crawl Stone Soup version 0.31-a0-949-g57150269e1 (webtiles) character file.

Game seed: 1414423704024835363

334 sokol815 the Sneak (level 6, -1/38 HPs)
             Began as an Octopode Earth Elementalist on Oct 22, 2023.
             Was an Initiate of Dithmenos.
             Slain by a human zombie (7 damage)
             ... in an ossuary.
             The game lasted 00:09:19 (3292 turns).

sokol815 the Sneak (Octopode Earth Elementalist)    Turns: 3292, Time: 00:09:20

Health: -1/38      AC:  1    Str:  7    XL:     6   Next: 53%
Magic:  5/10       EV: 14    Int: 19    God:    Dithmenos [......]
Gold:   145        SH:  5    Dex: 13    Spells: 7/11 levels left

rFire   . . .        a - +4 dagger
rCold   . . .        (no shield)
rNeg    . . .        (helmet restricted)
rPois   .            g - amulet of reflection
rElec   .            (no ring)
rCorr   .            (no ring)
SInv    .            (no ring)
Will    +....        (no ring)
Stlth   ++++         (no ring)
HPRegen 0.26/turn    (no ring)
MPRegen 0.12/turn    (no ring)
                     (no ring)

%: reflection
@: enlightened, flying
A: almost no armour, amphibious, 8 rings, camouflage 1, gelatinous body 1,
(nimble swimmer 1), tentacles
a: Renounce Religion


You were in an ossuary.
You worshipped Dithmenos.
Dithmenos was noncommittal.
You visited 1 branch of the dungeon, and saw 4 of its levels.
You also visited: Ossuary.

You collected 145 gold pieces.

Inventory:

Hand Weapons
 a - a +4 dagger (weapon)
   (You took it off a goblin on level 3 of the Dungeon)
 e - a +0 dagger
   (You took it off a goblin on level 1 of the Dungeon)
 n - a +0 club
   (You took it off a goblin on level 1 of the Dungeon)
Missiles
 b - 8 poisoned darts
 c - a throwing net {!d}
 j - 6 boomerangs
 s - 19 stones
Jewellery
 g - an amulet of reflection (around mantle)
   (You found it on level 1 of the Dungeon)
Scrolls
 d - a scroll of blinking {unknown}
Potions
 H - a potion of haste
 M - a potion of magic
 N - 3 potions of heal wounds {@q2}
 U - a potion of mutation {!q}


   Skills:
 + Level 1.2 Fighting
 + Level 3.1 Dodging
 + Level 4.5 Stealth
 + Level 3.1 Spellcasting
 * Level 2.2 Conjurations
 - Level 2.1 Transmutations
 + Level 4.0 Earth Magic


You had 7 spell levels left.
You knew the following spells:

 Your Spells              Type           Power      Damage    Failure   Level
a - Sandblast             Erth           36%        2d10      3%          1
x - Stone Arrow           Conj/Erth      28%        3d8       13%         3

Your spell library contained the following spells:

 Spells                   Type           Power      Damage    Failure   Level
 Passwall                 Tmut/Erth      11%        N/A       6%          2
 Brom's Barrelling Bould  Conj/Erth      14%        2d4       38%         4
 Petrify                  Tmut/Erth      14%        N/A       38%         4


Dungeon Overview and Level Annotations

Branches:
Dungeon (4/15) Zot: 20796 Ossuary (1/1) Zot: 5865
 Temple: D:4-7

Altars:
Ashenzari
Dithmenos
Okawaru
Sif Muna
The Shining One

Annotations:
D:2 1 runed translucent door, Crazy Yiuf
D:3 Grinder


Innate Abilities, Weirdness & Mutations

You cannot wear most types of armour.
You are amphibious.
You can wear up to eight rings at the same time.
Your skin changes colour to match your surroundings (Stealth+).
Your rubbery body absorbs attacks. (AC +1, EV +1)
((You are camouflaged when in or above water. (Stealth+)))
You have tentacles for arms and can constrict up to eight enemies at once.


Message History

You hit the scorpion zombie.
You destroy the scorpion zombie!
Dithmenos accepts your kill. The scorpion zombie barely misses you.
Your Earth Magic skill increases to level 4!
You hit the scorpion zombie. You grab the scorpion zombie.
You constrict the scorpion zombie, but do no damage.
The scorpion zombie misses you.
You hit the scorpion zombie but do no damage.
You constrict the scorpion zombie, but do no damage.
The scorpion zombie hits you.
You take 1 damage, and have 29/38 hp.
You hit the scorpion zombie. You squeeze the scorpion zombie.
You constrict the scorpion zombie. The scorpion zombie barely misses you.
You hit the scorpion zombie. You constrict the scorpion zombie.
The scorpion zombie hits you.
You take 5 damage, and have 24/38 hp.
You hit the scorpion zombie. You squeeze the scorpion zombie.
You constrict the scorpion zombie. You block the scorpion zombie's attack.
You hit the scorpion zombie but do no damage.
You squeeze the scorpion zombie, but do no damage.
You constrict the scorpion zombie. You block the scorpion zombie's attack.
You hit the scorpion zombie but do no damage.
You constrict the scorpion zombie. The scorpion zombie closely misses you.
You hit the scorpion zombie. You constrict the scorpion zombie.
The scorpion zombie hits you.
You take 3 damage, and have 22/38 hp.
You are too injured to fight recklessly!
You are too injured to fight recklessly!
You are too injured to fight recklessly!
Press: ? - help, Q - select action, (/) - cycle Shift-Dir - straight line, f - scorpion zombie
Aim: a scorpion zombie (severely damaged, constricted by you, 100% to hit)
The blast of sand hits the scorpion zombie.
You constrict the scorpion zombie!
You destroy the scorpion zombie!
Dithmenos accepts your kill.
You now have 8/10 mp.
You start resting.
Health restored: 38; MP restored: 10 A human zombie and a scorpion come into view.
The human zombie hits you. You block the scorpion's attack.
You take 1 damage, and have 37/38 hp.
Press: ? - help, Q - select action, (/) - cycle Shift-Dir - straight line, f - scorpion
Aim: a scorpion (82% to hit)
The blast of sand misses the scorpion.
You block the scorpion's attack. You block the human zombie's attack.
Health restored: 38 You now have 9/10 mp.
The scorpion stings you.
You take 6 damage, and have 32/38 hp.
Press: ? - help, Q - select action, (/) - cycle Shift-Dir - straight line, f/p - scorpion
Aim: a scorpion (82% to hit)
The blast of sand hits the scorpion!
The scorpion stings you. The scorpion completely misses you.
You take 3 damage, and have 29/38 hp.
You now have 8/10 mp.
Press: ? - help, Q - select action, (/) - cycle Shift-Dir - straight line, f/p - scorpion
Aim: a scorpion (heavily wounded, 82% to hit)
The blast of sand hits the scorpion but does no damage.
The scorpion completely misses you.
You now have 7/10 mp.
Press: ? - help, Q - select action, (/) - cycle Shift-Dir - straight line, f/p - scorpion
Aim: a scorpion (heavily wounded, 82% to hit)
The blast of sand hits the scorpion but does no damage.
You block the scorpion's attack. The scorpion stings you.
You are poisoned.
The scorpion poisons you! The human zombie closely misses you.
You take 4 damage, and have 26/38 hp.
You feel very sick.
There is an open door here.
You take 2 damage, and have 24/38 hp.
You feel sick. You block the scorpion's attack.
You take 1 damage, and have 23/38 hp.
You feel sick.
There is an open door here.
You take 2 damage, and have 21/38 hp.
Press: ? - help, Q - select action, (/) - cycle Shift-Dir - straight line, f/p - scorpion
Aim: a scorpion (heavily wounded, 82% to hit)
The blast of sand hits the scorpion but does no damage.
You feel sick. The scorpion closely misses you.
You take 1 damage, and have 20/38 hp.
You now have 6/10 mp.
Press: ? - help, Q - select action, (/) - cycle Shift-Dir - straight line, f/p - scorpion
Aim: a scorpion (heavily wounded, 82% to hit)
The blast of sand hits the scorpion.
You feel sick. You block the scorpion's attack. The scorpion stings you!
You take 8 damage, and have 12/38 hp.
MASSIVE DAMAGE!!
You now have 5/10 mp.
Press: ? - help, Q - select action, (/) - cycle Shift-Dir - straight line, f/p - scorpion
Aim: a scorpion (severely wounded, 82% to hit)
The blast of sand hits the scorpion.
You feel sick. The scorpion misses you. The scorpion stings you.
* * * LOW HITPOINT WARNING * * *
The human zombie misses you.
You take 5 damage, and have 7/38 hp.
You now have 4/10 mp.
You feel very buoyant.
You fly up into the air.
You feel sick.
You are no longer poisoned.
The scorpion stings you but does no damage.
The human zombie hits you!
You die...

+...8...# #.......#
##############8...8##
#...#...#...#.......#
#.∩.'...8...#...8...#
#...#.......#...#...#
##'###8...8###'######
#...#.......#s..#!=?#
#.∩.#...8...@Z..#M..+
#...#...#...#...#==?#
#####################


You could see a mummy, a scorpion and a human zombie.

Vanquished Creatures
  2 scorpion zombies (Ossuary)
  Natasha (thrice) (D:2)
  2 hound skeletons (D:4)
  2 hound zombies (D:4)
  Robin (D:3)
  5 adders
  A gnoll (D:3)
  An adder skeleton (D:4)
  An adder zombie (D:4)
  5 bats
  2 endoplasms
  4 giant cockroaches
  16 goblins
  9 hobgoblins
  3 jackals (D:3)
  6 quokkas
  5 ball pythons
  3 frilled lizards
  5 kobolds
  2 orc zombies (Ossuary)
  5 rats
83 creatures vanquished.

Notes
Turn   | Place    | Note
-------+----------+-------------------------------------------
     0 | D:1      | sokol815 the Octopode Earth Elementalist began the quest
                  | for the Orb.
     0 | D:1      | Reached XP level 1. HP: 11/11 MP: 3/3
   171 | D:1      | Reached XP level 2. HP: 17/17 MP: 3/5
   198 | D:1      | Reached skill level 3 in Stealth
  1105 | D:2      | Noticed Natasha
  1109 | D:2      | Killed Natasha
  1110 | D:2      | Reached XP level 3. HP: 19/21 MP: 1/6
  1244 | D:2      | Noticed Natasha
  1253 | D:2      | Killed Natasha
  1254 | D:2      | Reached XP level 4. HP: 27/27 MP: 4/7
  1261 | D:2      | Noticed Natasha
  1267 | D:2      | Killed Natasha
  1268 | D:2      | Reached skill level 2 in Transmutations
  1576 | D:2      | Identified the +3 ring mail "Xaopnaxiss" {Drain Str+2
                  | Slay+3}
  1655 | D:2      | Found a runed translucent door.
  1656 | D:2      | Noticed Crazy Yiuf
  1773 | D:2      | Learned a level 3 spell: Stone Arrow
  1845 | D:2      | Reached skill level 4 in Stealth
  1845 | D:2      | Reached XP level 5. HP: 20/31 MP: 3/9
  2183 | D:3      | Noticed Robin
  2209 | D:3      | Killed Robin
  2236 | D:3      | Found a faded altar of an unknown god.
  2391 | D:3      | Reached skill level 1 in Conjurations
  2825 | D:3      | Noticed Grinder
  3014 | D:4      | Reached skill level 3 in Dodging
  3031 | D:4      | Found a shimmering blue altar of Sif Muna.
  3033 | D:4      | Found an iron altar of Okawaru.
  3034 | D:4      | Found a broken altar of Ashenzari.
  3034 | D:4      | Found a shadowy altar of Dithmenos.
  3034 | D:4      | Found a glowing golden altar of the Shining One.
  3044 | D:4      | Became a worshipper of Dithmenos the Shadowed
  3121 | D:4      | Reached skill level 3 in Spellcasting
  3121 | D:4      | Reached XP level 6. HP: 37/37 MP: 10/10
  3127 | D:4      | Reached skill level 1 in Fighting
  3144 | D:4      | Found a sand-covered staircase.
  3161 | D:4      | Reached skill level 2 in Conjurations
  3163 | Ossuary  | Entered an ossuary
  3211 | Ossuary  | Reached skill level 4 in Earth Magic
  3291 | Ossuary  | HP: 7/38 [scorpion (4)]
  3292 | Ossuary  | Slain by a human zombie

Illustrated notes

Levels and vault maps discovered:
D:1:      sevenhm_arrival_forest_fort_large_4, layout_basic, minmay_liquid_box
D:2:      layout_loops_ring, uniq_crazy_yiuf_cottage, uniq_natasha
D:3:      minmay_diamond_boxcup, layout_loops_ring, basic_ecumenical_altar,
          uniq_grinder, uniq_robin
D:4:      layout_loops_corners, grunt_temple_overflow_open,
          minmay_temple_entry_offerings, mainiacjoe_ossuary_entry_find_the_door
Ossuary:  ossuary_minmay_scorpions

Skill      XL: |  1  2  3  4  5  6 |
---------------+-------------------+-----
Stealth        | 3 4 |  4.5
Transmutations | 2 |  2.1
Conjurations   | 1 2 |  2.2
Dodging        | 3 |  3.1
Spellcasting   | 3 |  3.1
Fighting       | 1 |  1.2
Earth Magic    | 4 |  4.0

Action                     |  1- 3 |  4- 6 || total
---------------------------+-------+-------++-------
  Melee: Club              |     4 |       ||     4
         Constrict         |     4 |    15 ||    19
         Tentacles         |     3 |    20 ||    23
         Dagger            |    10 |    60 ||    70
         Punch             |     1 |     1 ||     2
   Cast: Sandblast         |    20 |    71 ||    91
    Use: Scroll            |       |     9 ||     9
         Potion            |       |     1 ||     1
   Stab: Sleeping          |     3 |     6 ||     9
         Distracted        |       |     1 ||     1
 Armour: Skin              |     6 |    41 ||    47
  Dodge: Dodged            |    10 |    48 ||    58
  Block: Other             |     1 |    20 ||    21

Table legend: (Time is in decaauts)
 A = Elapsed time spent in this place.
 B = Non-inter-level travel time spent in this place.
 C = Inter-level travel time spent in this place.
 D = Time resting spent in this place.
 E = Time spent auto-exploring this place.
 F = Levels seen in this place.
 G = Mean time per level.
                   A        B        C        D        E       F      G
               +--------+--------+--------+--------+--------+-----+--------+
         Total |   3337 |   3243 |     94 |    266 |   2392 |   5 |  667.4 |
       Dungeon |   3203 |   3109 |     94 |    193 |   2377 |   4 |  800.8 |
       Ossuary |    133 |    133 |      0 |     73 |     15 |   1 |  133.0 |
               +--------+--------+--------+--------+--------+-----+--------+

Top non-repeatable levels by time:
     D:2: 1128 daAuts
     D:1: 959 daAuts
     D:3: 954 daAuts
     D:4: 160 daAuts
 Ossuary: 133 daAuts

Levels and vault maps discovered:
D:1:      sevenhm_arrival_forest_fort_large_4, layout_basic, minmay_liquid_box
D:2:      layout_loops_ring, uniq_crazy_yiuf_cottage, uniq_natasha
D:3:      minmay_diamond_boxcup, layout_loops_ring, basic_ecumenical_altar,
          uniq_grinder, uniq_robin
D:4:      layout_loops_corners, grunt_temple_overflow_open,
          minmay_temple_entry_offerings, mainiacjoe_ossuary_entry_find_the_door
Ossuary:  ossuary_minmay_scorpions

Table legend: (Time is in decaauts)
 A = Elapsed time spent in this place.
 B = Non-inter-level travel time spent in this place.
 C = Inter-level travel time spent in this place.
 D = Time resting spent in this place.
 E = Time spent auto-exploring this place.
 F = Levels seen in this place.
 G = Mean time per level.
                   A        B        C        D        E       F      G
               +--------+--------+--------+--------+--------+-----+--------+
         Total |   3337 |   3243 |     94 |    266 |   2392 |   5 |  667.4 |
       Dungeon |   3203 |   3109 |     94 |    193 |   2377 |   4 |  800.8 |
       Ossuary |    133 |    133 |      0 |     73 |     15 |   1 |  133.0 |
               +--------+--------+--------+--------+--------+-----+--------+

Top non-repeatable levels by time:
     D:2: 1128 daAuts
     D:1: 959 daAuts
     D:3: 954 daAuts
     D:4: 160 daAuts
 Ossuary: 133 daAuts

Table legend:
 A = Kills in this place as a percentage of kills in the entire game.
 B = Kills by you in this place as a percentage of kills by you in the entire game.
 C = Kills by friends in this place as a percentage of kills by friends in the entire game.
 D = Other kills in this place as a percentage of other kills in the entire game.
 E = Experience gained in this place as a percentage of experience gained in the entire game.
 F = Experience gained in this place divided by the number of levels of this place that you have seen.
                   A       B       C       D       E      F
               +-------+-------+-------+-------+-------+----------------------
         Total | 100.0 | 100.0 |   N/A |   N/A | 100.0 |  95.6
       Dungeon |  95.2 |  95.2 |   N/A |   N/A |  83.9 | 100.2
       Ossuary |   4.8 |   4.8 |   N/A |   N/A |  16.1 |  77.0
               +-------+-------+-------+-------+-------+----------------------
